Map: Void Launch

Players

NamroodTuo

  • Race: Zerg Zerg

Baelzebaen

  • Race: Terran Terran

VOD

Have the link to the VOD?

Description

Time

  • Played on: Jan. 12, 2023, 5:52 a.m.
  • Length: 25:25
Show
View Real Time Build Order
Export as new Build Order

NamroodTuo Zerg 

Build Orders:  

Get SALT Encoding   

  12  0:04  Infested SCV  
  13  0:26  Infested Barracks  
  13  0:38  Overlord  
  13  0:44  Infested SCV  
  14  1:00  Infested SCV  
  14  1:07  Infested SCV  
  14  1:08  Infested SCV  
  17  1:16  Overlord  
  17  1:22  Infested SCV  
  18  1:43  Infestation Level 1  
  18  1:45  Infested Marine  
  18  1:46  Infested Marine  
  18  1:47  Infested Marine  
  21  1:53  Infested SCV  
  21  1:58  Infested SCV  
  23  2:10  Overlord  
  23  2:26  Infested Marine x2  
  23  2:27  Infested Marine  
  26  2:31  Infested SCV  
  26  2:36  Infested Marine  
  26  2:37  Infested Marine  
  26  2:39  Infested Marine x2  
  31  2:41  Infested Marine  
  31  2:43  Infested Marine  
  31  2:45  Infested Marine  
  31  2:47  Infested SCV  
  35  2:56  Infested Engineering Bay  
  35  2:58  Infested SCV  
  36  3:13  Overlord  
  36  3:16  Infested Marine  
  36  3:17  Infested Marine x2  
  39  3:26  Infested Refinery  
  39  3:32  Infested Refinery  
  39  3:35  Overlord  
  35  4:09  Infested SCV x2  
  37  4:13  Infested Barracks Tech Lab  
  28  4:38  Regenerative Plating  
  27  4:46  Infested Marine x2  
  27  4:47  Infested Marine  
  27  4:48  Infested Marine x3  
  27  4:49  Infested Marine  
  34  4:51  Overlord  
  34  4:52  Overlord  
  34  4:53  Infested SCV  
  35  5:08  Infested Marine x4  
  40  6:24  Infested Command Center  
  44  6:34  Overlord  
  44  6:35  Infested Bunker  
  44  6:37  Infested Bunker  
  37  6:48  Infested Marine  
  37  6:49  Infested Marine x4  
  42  6:50  Infested Marine x4  
  42  6:51  Infested Marine x3  
  42  6:55  Infested Marine x2  
  47  7:06  Retinal Augmentation  
  47  7:16  Infested SCV x2  
  49  7:21  Infested SCV  
  49  7:26  Infested SCV  
  51  7:31  Infested SCV  
  51  7:37  Infested SCV  
  53  7:45  Infested Marine x2  
  53  7:46  Infested Marine x2  
  57  8:28  Infested Marine  
  57  8:29  Infested Marine x11  
  52  9:04  Infested Marine  
  52  9:05  Infested Marine x11  
  52  9:08  Infested SCV  
  52  9:09  Infested SCV x4  
  69  9:14  Infested SCV  
  69  9:15  Infested SCV x4  
  74  9:28  Stukov Infantry Weapons Level 1  
  74  9:32  Infested SCV  
  74  9:46  Infested Barracks  
  74  9:56  Infested Marine  
  74  9:57  Infested Marine x6  
  74  9:58  Infested Marine x6  
  87  10:16  Infested Marine  
  87  10:17  Infested Marine  
  87  10:18  Infested Marine  
  75  10:32  Plagued Munitions  
  75  10:35  Infestation Level 2  
  75  10:39  Infested SCV  
  76  10:43  Infested SCV  
  76  10:46  Infested SCV  
  76  10:49  Infested SCV  
  79  10:52  Infested SCV  
  79  10:56  Infested SCV  
  79  10:59  Infested SCV  
  73  11:08  Infested SCV  
  74  11:14  Infested Marine  
  74  11:15  Infested Marine x12  
  76  11:41  Infested SCV  
  76  11:42  Infested SCV x2  
  76  11:47  Infested SCV x3  
  76  11:48  Infested SCV x2  
  79  12:08  Stukov Infantry Armor Level 1  
  79  12:35  Anaerobic Enhancement  
  79  12:59  Infested Refinery  
  82  13:00  Infested Bunker  
  82  13:03  Infested Refinery  
  70  13:11  Infested Barracks  
  70  13:25  Infested Barracks  
  70  13:35  Broodling Gestation  
  70  13:41  Infested Marine x2  
  70  13:42  Infested Marine x10  
  82  13:50  Infested Marine  
  82  13:51  Infested Marine x6  
  82  13:52  Infested Marine x5  
  94  14:12  Infested Factory  
  94  15:28  Overlord x8  
  94  15:29  Overlord x2  
  82  15:32  Stukov Infantry Weapons Level 2  
  70  15:50  Infested Armory  
  70  15:54  Infested Marine  
  70  15:55  Infested Marine x15  
  70  15:56  Infested Marine x8  
  94  16:12  Infested Marine  
  94  16:13  Infested Marine x16  
  111  16:54  Infested Marine  
  111  16:55  Infested Marine x13  
  111  16:56  Infested Marine x20  
  111  16:57  Infested Marine x5  
  111  16:58  Infested Marine x11  
  149  17:01  Overlord x4  
  149  17:02  Overlord x3  
  149  17:03  Infested Marine  
  149  17:04  Infested Marine x16  
  166  17:29  Infested Marine  
  166  17:30  Infested Marine x7  
  166  17:31  Infested Marine x14  
  144  18:03  Infested Marine x6  
  144  18:04  Infested Marine x15  
  168  18:31  Infested Bunker  
  166  18:40  Infested Marine  
  166  18:41  Infested Marine x14  
  166  18:42  Stukov Infantry Armor Level 2, Infested Marine x6  
  150  18:50  Infested Marine  
  150  18:51  Infested Marine x9  
  150  18:52  Infested Marine x12  
  141  19:25  Infested Missile Turret  
  141  19:33  Infested Marine  
  141  19:34  Infested Marine x16  
  141  19:35  Infested Marine x18  
  131  19:54  Infested Missile Turret  
  129  20:09  Infested Bunker  
  141  20:22  Infested Missile Turret  
  141  20:23  Overlord x3  
  141  20:24  Overlord  
  129  20:49  Infested Missile Turret  
  129  20:58  Infested Bunker  
  129  21:17  Infested Bunker  
  94  21:45  Infested Missile Turret  
  94  21:52  Calcified Armor  
  92  22:11  Infested Missile Turret  
  84  22:22  Infested Bunker  
  84  22:38  Infested Missile Turret  
  92  23:06  Infested Missile Turret  
  92  23:07  Infested Missile Turret  
  92  23:08  Infested Marine x2  
  92  23:09  Infested Marine x11  
  105  23:13  Infested Missile Turret  
  105  23:26  Infested Marine  
  105  23:27  Infested Marine x18  
  105  23:28  Infested Marine x12  
  136  23:35  Infested Missile Turret  
  127  23:44  Infested Bunker  
  127  24:03  Infested Missile Turret  
  127  24:11  Infested Marine  
  127  24:12  Infested Marine x11  
  127  24:13  Infested Marine x21  
  127  24:14  Infested Marine x22  
  127  24:15  Infested Marine x3  
  160  24:33  Infested Bunker  
  151  24:45  Infested Marine  
  151  24:46  Infested Marine x21  
  151  24:47  Infested Marine x2  
Show
View Real Time Build Order
Export as new Build Order

Baelzebaen Terran 

Build Orders:  

Get SALT Encoding   

  12  0:03  SCV  
  13  0:20  SCV  
  14  0:37  SCV  
  15  0:54  SCV  
  16  1:11  SCV  
  16  1:17  Command Center  
  17  1:24  Refinery  
  17  1:28  SCV  
  18  1:45  SCV  
  19  2:02  SCV  
  20  2:18  Refinery  
  20  2:19  SCV  
  21  2:22  Gunslingers Hideout  
  21  2:36  SCV  
  22  2:53  SCV  
  23  3:01  Unknown, Tychus  
  23  3:05  SCV  
  23  3:09  SCV  
  25  3:23  SCV  
  25  3:26  SCV  
  27  3:39  SCV  
  27  3:43  SCV  
  29  3:56  SCV  
  30  4:00  SCV  
  31  4:17  SCV  
  32  4:34  SCV  
  33  4:40  Refinery  
  33  4:46  Refinery  
  33  4:48  Command Center  
  33  4:51  SCV  
  33  4:58  SCV  
  35  5:08  Unknown, SCV, James Sirius Sykes  
  46  5:15  SCV  
  47  5:25  SCV  
  48  5:32  SCV  
  49  5:40  Engineering Bay  
  49  5:42  SCV  
  49  5:49  SCV  
  51  5:50  Medivac Platform x2  
  51  5:59  SCV  
  52  6:05  SCV  
  53  6:16  Engineering Bay, SCV  
  54  6:22  SCV  
  55  6:33  SCV  
  55  6:39  SCV  
  57  6:50  SCV  
  57  6:53  SA-55 Thunderbolt Missiles  
  58  7:07  SCV  
  59  7:23  Outlaw Weapons Level 1  
  59  7:24  SCV, Outlaw Life and Armor Level 1  
  60  7:40  SCV  
  46  8:34  SCV  
  47  8:46  SCV  
  47  8:51  SCV  
  47  8:52  Vanadium Shell  
  47  9:03  Muscle Armory  
  47  9:07  Fixers Safehouse  
  47  9:08  SCV  
  48  9:11  Medivac Platform  
  48  9:25  SCV  
  49  9:33  Outlaw Life and Armor Level 2, Outlaw Weapons Level 2  
  49  9:42  SCV  
  50  10:44  Unknown, Nux  
  60  10:55  Kel-Morian Ripper Rounds  
  60  11:44  Moebius M34 Terror Rounds  
  60  12:32  Outlaw Weapons Level 3  
  60  12:43  SCV  
  61  13:00  SCV  
  62  13:17  SCV  
  63  13:34  SCV  
  64  13:51  SCV  
  65  14:18  T4 Cloudburst Shells, Ultrasonic Boosters  
  65  15:13  Unknown, Crooked Sam  
  65  15:18  ITC-E Triggers  
  65  15:19  Outlaw Life and Armor Level 3  
  75  16:53  Kev Rattlesnake West  
  75  16:54  Unknown  
  85  17:54  Crystalline Amplifiers  
  85  17:56  Procyon Shade Suit  
  85  17:57  D99 Detonator  
  85  20:00  Flashforce GDM Visor  
  85  20:03  Endurance Supplements  
  85  20:05  KD9a Implosion Core  
  85  20:07  LarsCorp G7 Charges  
  85  21:28  Moebius Restraint Matrix  
  85  21:43  Umojan Signal Modulator  
  85  21:46  Moebius Aggression Blend  
Tags
 
Commander
StukovTychus
Matchup
Co-op
Replay Pack
Multiplayer
Add a new tag
Caveats
  • Supply blocks, unpowered buildings, or Contaminate may cause inaccurate times.
  • Supply counts are checked every 10 seconds.